Mulligans vs Diablos

Created - April 22, 2020 at 19:03

Goals
1 2 3 T
Mulligans 0 1 2 3
Diablos 1 1 0 2
Shots
1 2 3 T
Mulligans 12 9 6 27
Diablos 15 8 10 33

1st period

1. Diablos , Adrian Kempe 20 (Tyler Pitlick 25, Jiri Sekac 22) at 10:31

Penalties :
No Penalty

2nd period

2. Diablos , Jordan Szwarz 43 (Peter Holland 8) at 5:11
3. Mulligans , Joonas Donskoi 16 (Sven Baertschi 19, Darren Dietz 24) at 12:53

Penalties :
Jordan Szwarz (Don) for Roughing (Minor) at 8:38

3rd period

4. Mulligans , Jonny Brodzinski 2 (Robby Fabbri 10, Robbie Russo 3) at 9:00
5. Mulligans , Logan Shaw 34 (Maxime Macenauer 41, Ben Hutton 23) at 9:47

Penalties :
Ben Hutton (Rep) for Holding (Minor) at 4:43, Michael Sdao (Rep) for Hooking (Minor) at 10:02, Jonny Brodzinski (Rep) for Holding Stick (Minor) at 12:31, Lars Eller (Don) for Boarding (Minor) at 18:14

Goalie Stats

Calvin Pickard (Rep), 31 saves from 33 shots - (0.939), W, 26-22-4, 60:00 minutes
Kristers Gudlevskis (Don), 24 saves from 27 shots - (0.889), L, 27-25-5, 60:00 minutes

Players Stats for Mulligans

Player Name              G  A  P  +/- PIM S  H  SB GA TA FO     MP     PP MP  PK MP  
------------------------------------------------------------------------------------
Anton Lander             0  0  0   0  0   3  4  1  3  0  13/27  22:20   1:38   3:31 
Ben Hutton               0  1  1   2  2   2  3  1  0  2  0/0    28:13   2:07   2:47 
Cristiano Digiacinto     0  0  0   0  0   0  0  0  0  0  1/4     3:05   0:00   3:05 
Dalton Thrower           0  0  0  -1  0   0  1  2  0  1  0/0    22:43   1:37   3:17 
Darren Dietz             0  1  1   0  0   1  2  1  2  1  0/0    25:03   1:37   2:01 
Drayson Bowman           0  0  0   1  0   2  0  0  0  0  0/0    15:42   1:31   0:00 
John Hayden              0  0  0   0  0   0  0  0  0  0  0/0     5:36   0:42   0:00 
Jonathan Ferland         0  0  0   0  0   0  1  1  0  0  0/0     6:37   0:00   0:00 
Jonny Brodzinski         1  0  1   1  2   1  0  0  0  0  0/2    15:01   1:12   0:00 
Joonas Donskoi           1  0  1  -1  0   3  1  1  0  0  0/0    11:30   0:19   0:00 
Logan Shaw               1  0  1   1  0   3  0  1  0  1  0/0    16:12   1:48   0:13 
Matt Beleskey            0  0  0   0  0   2  1  1  1  0  1/1    17:48   1:37   0:00 
Maxime Macenauer         0  1  1   1  0   5  2  0  0  0  5/11   16:26   1:31   0:18 
Michael Sdao             0  0  0   0  2   1  2  4  2  0  0/0    27:33   1:34   2:15 
Nick Moutrey             0  0  0   0  0   0  0  0  0  0  2/3     3:08   0:19   2:34 
Reid Boucher             0  0  0   1  0   2  1  1  0  0  1/1     9:25   0:00   0:19 
Robbie Russo             0  1  1   1  0   0  1  0  0  1  0/0    14:14   0:33   1:21 
Robby Fabbri             0  1  1   1  0   1  1  0  1  0  1/4     8:43   0:00   0:00 
Sam Bennett              0  0  0  -1  0   1  4  1  0  0  3/6    10:33   0:00   0:00 
Sven Baertschi           0  1  1  -1  0   0  2  0  1  0  0/1    14:08   0:35   2:07 

Players Stats for Diablos

Player Name              G  A  P  +/- PIM S  H  SB GA TA FO     MP     PP MP  PK MP  
------------------------------------------------------------------------------------
Adrian Kempe             1  0  1   0  0   3  1  0  0  0  2/3     9:24   0:00   0:00 
Alex Petrovic            0  0  0   0  0   1  1  1  0  0  0/0    15:19   2:56   1:34 
Andrei Mironov           0  0  0  -2  0   0  1  0  0  0  0/0    17:35   2:56   0:00 
Brian Dumoulin           0  0  0   1  0   3  1  4  0  2  0/0    29:50   3:01   2:10 
Corey Trivino            0  0  0   0  0   2  0  0  1  0  4/5    10:20   0:00   1:58 
Danton Heinen            0  0  0  -1  0   2  1  0  0  0  0/0    17:08   3:10   0:00 
David Pastrnak           0  0  0   0  0   2  1  0  1  1  1/2    20:49   2:47   0:00 
Jack Glover              0  0  0   0  0   1  0  0  0  0  0/0    10:49   0:00   0:00 
Jakub Vrana              0  0  0   0  0   0  2  0  0  0  0/0     8:16   0:00   0:00 
Jiri Sekac               0  1  1   0  0   0  1  2  0  0  0/0    11:18   0:00   1:10 
Jordan Szwarz            1  0  1  -1  2   5  2  0  2  0  0/1    17:41   3:10   0:28 
Lars Eller               0  0  0   0  2   3  3  0  1  1  21/39  21:21   2:47   0:38 
Nick Spaling             0  0  0   0  0   1  5  1  0  0  0/0    20:58   2:47   0:14 
Peter Holland            0  1  1  -1  0   2  5  0  1  1  5/10   18:46   3:10   1:05 
Philip Larsen            0  0  0   1  0   2  5  4  0  3  0/0    26:00   0:00   1:34 
Scott Glennie            0  0  0   0  0   3  2  0  0  0  0/0     8:16   0:00   0:00 
Tyler Pitlick            0  1  1   0  0   2  4  0  0  0  0/0    11:57   0:00   1:55 
Viktor Loov              0  0  0  -2  0   1  3  2  0  2  0/0    20:27   3:01   2:10 

3 Stars

1 - Logan Shaw (Rep)
2 - Calvin Pickard (Rep)
3 - Ben Hutton (Rep)

Power Play

Mulligans - 0 on 2 Attempt(s) - 0.00%
Diablos - 0 on 3 Attempt(s) - 0.00%

Penalty Kill

Mulligans - 3 on 3 Attempt(s) - 100.00% - Score 0 goal in Penalty Kill
Diablos - 2 on 2 Attempt(s) - 100.00% - Score 0 goal in Penalty Kill

Team Stat

Mulligans - Hits : 26 - Faceoff Wins : 27 - Blocked Shots : 15 - Penalty Minutes : 6
Diablos - Hits : 38 - Faceoff Wins : 33 - Blocked Shots : 14 - Penalty Minutes : 4

Official

Referees : Unknown
Linesman : Unknown

Game Notes

Jonathan Ferland is injured at 18:10 of 1st period (Left Foot)
Adrian Kempe is injured at 12:09 of 3rd period (Broken Bone (Right Arm))

Finance

Level 1 -- Attendance: 2000 (100.00%) -- Ticket Income $38,000
Level 2 -- Attendance: 944 (94.40%) -- Ticket Income $9,440
Total Attendance: 2944 (98.13%)
Total Ticket Income: $47,440
Other Income: $2,372
Total Income: $49,812

Mulligans

5 vs 5 Forward 
   Center                   Left Wing                Right Wing               Time % Phy DF OF 
 1 Anton Lander             Matt Beleskey            Jonathan Ferland         40     1   2  2  
 2 Maxime Macenauer         Drayson Bowman           Logan Shaw               30     1   2  2  
 3 Sam Bennett              Sven Baertschi           Joonas Donskoi           20     1   2  2  
 4 Robby Fabbri             Reid Boucher             Jonathan Ferland         10     1   2  2  

5 vs 5 Defense 
   Defense                  Defense                                           Time % Phy DF OF 
 1 Michael Sdao             Ben Hutton                                        40     1   2  2  
 2 Darren Dietz             Dalton Thrower                                    30     1   2  2  
 3 Robbie Russo             Michael Sdao                                      20     1   2  2  
 4 Ben Hutton               Darren Dietz                                      10     1   2  2  

PowerPlay Forward 
   Center                   Left Wing                Right Wing               Time % Phy DF OF 
 1 Anton Lander             Matt Beleskey            Jonathan Ferland         60     1   2  2  
 2 Maxime Macenauer         Drayson Bowman           Logan Shaw               40     1   2  2  

PowerPlay Defense
   Defense                  Defense                                           Time % Phy DF OF 
 1 Michael Sdao             Ben Hutton                                        60     1   2  2  
 2 Darren Dietz             Dalton Thrower                                    40     1   2  2  

Penalty Kill 4 Players Forward 
   Center                   Wing                     Time % Phy DF OF 
 1 Jonathan Ferland         Anton Lander             60     1   2  2  
 2 Maxime Macenauer         Matt Beleskey            40     1   2  2  

Penalty Kill 4 Players Defense
   Defense                  Defense                  Time % Phy DF OF 
 1 Michael Sdao             Ben Hutton               60     1   2  2  
 2 Darren Dietz             Dalton Thrower           40     1   2  2  

Penalty Kill - 3 Players Forward 
   Forward                                           Time % Phy DF OF 
 1 Jonathan Ferland                                  60     1   2  2  
 2 Anton Lander                                      40     1   2  2  

Penalty Kill - 3 Players Defense
   Defense                  Defense                  Time % Phy DF OF 
 1 Michael Sdao             Ben Hutton               60     1   2  2  
 2 Darren Dietz             Dalton Thrower           40     1   2  2  

4 vs 4 Forward 
   Center                   Wing                     Time % Phy DF OF 
 1 Jonathan Ferland         Anton Lander             60     1   2  2  
 2 Maxime Macenauer         Matt Beleskey            40     1   2  2  

4 vs 4 Defense
   Defense                  Defense                  Time % Phy DF OF 
 1 Michael Sdao             Ben Hutton               60     1   2  2  
 2 Darren Dietz             Dalton Thrower           40     1   2  2  

Last Minutes Offensive
   Center                   Left Wing                Right Wing               Defense                  Defense                  
   Anton Lander             Matt Beleskey            Jonathan Ferland         Michael Sdao             Ben Hutton               

Last Minutes Defensive
   Center                   Left Wing                Right Wing               Defense                  Defense                  
   Anton Lander             Matt Beleskey            Jonathan Ferland         Michael Sdao             Ben Hutton               

Goaltenders
Starting : Calvin Pickard           
Backup : Juuse Saros              

Extra Forwards
Normal : Jonny Brodzinski, John Hayden, Cristiano Digiacinto - PP : Jonny Brodzinski, John Hayden - PK : Cristiano Digiacinto
Extra Defensemen
Normal : Robbie Russo, Dalton Thrower, Michael Sdao - PP : Robbie Russo - PK : Dalton Thrower, Michael Sdao
Penalty Shots
Jonathan Ferland, Anton Lander, Maxime Macenauer, Matt Beleskey, Drayson Bowman

Scratches
Valeri Nichushkin (Healthy), Cade Fairchild (Healthy), Cody Goloubef (Severed Right Wrist Tendon Injury)

Diablos

5 vs 5 Forward 
   Center                   Left Wing                Right Wing               Time % Phy DF OF 
 1 Lars Eller               Nick Spaling             David Pastrnak           45     0   0  5  
 2 Peter Holland            Danton Heinen            Jordan Szwarz            30     0   0  5  
 3 Adrian Kempe             Jiri Sekac               Tyler Pitlick            15     0   2  3  
 4 Corey Trivino            Jakub Vrana              Scott Glennie            10     0   3  2  

5 vs 5 Defense 
   Defense                  Defense                                           Time % Phy DF OF 
 1 Brian Dumoulin           Philip Larsen                                     40     0   2  3  
 2 Andrei Mironov           Viktor Loov                                       30     0   2  3  
 3 Jack Glover              Alex Petrovic                                     20     0   3  2  
 4 Brian Dumoulin           Philip Larsen                                     10     0   2  3  

PowerPlay Forward 
   Center                   Left Wing                Right Wing               Time % Phy DF OF 
 1 Lars Eller               Nick Spaling             David Pastrnak           60     0   0  5  
 2 Peter Holland            Danton Heinen            Jordan Szwarz            40     0   0  5  

PowerPlay Defense
   Defense                  Defense                                           Time % Phy DF OF 
 1 Brian Dumoulin           Viktor Loov                                       60     0   1  4  
 2 Andrei Mironov           Alex Petrovic                                     40     0   1  4  

Penalty Kill 4 Players Forward 
   Center                   Wing                     Time % Phy DF OF 
 1 Corey Trivino            Tyler Pitlick            60     1   4  0  
 2 Lars Eller               Jordan Szwarz            40     1   4  0  

Penalty Kill 4 Players Defense
   Defense                  Defense                  Time % Phy DF OF 
 1 Brian Dumoulin           Viktor Loov              60     1   4  0  
 2 Philip Larsen            Alex Petrovic            40     1   4  0  

Penalty Kill - 3 Players Forward 
   Forward                                           Time % Phy DF OF 
 1 Corey Trivino                                     60     0   5  0  
 2 Lars Eller                                        40     0   5  0  

Penalty Kill - 3 Players Defense
   Defense                  Defense                  Time % Phy DF OF 
 1 Philip Larsen            Viktor Loov              60     0   5  0  
 2 Alex Petrovic            Andrei Mironov           40     0   5  0  

4 vs 4 Forward 
   Center                   Wing                     Time % Phy DF OF 
 1 Lars Eller               Jordan Szwarz            60     0   2  3  
 2 Adrian Kempe             David Pastrnak           40     0   2  3  

4 vs 4 Defense
   Defense                  Defense                  Time % Phy DF OF 
 1 Viktor Loov              Philip Larsen            60     0   2  3  
 2 Alex Petrovic            Brian Dumoulin           40     0   2  3  

Last Minutes Offensive
   Center                   Left Wing                Right Wing               Defense                  Defense                  
   Lars Eller               Nick Spaling             David Pastrnak           Brian Dumoulin           Philip Larsen            

Last Minutes Defensive
   Center                   Left Wing                Right Wing               Defense                  Defense                  
   Lars Eller               Jiri Sekac               Jordan Szwarz            Viktor Loov              Philip Larsen            

Goaltenders
Starting : Kristers Gudlevskis      
Backup : Joni Ortio               

Extra Forwards
Normal : David Pastrnak, Danton Heinen, Jordan Szwarz - PP : David Pastrnak, Lars Eller - PK : Lars Eller
Extra Defensemen
Normal : Brian Dumoulin, Philip Larsen, Alex Petrovic - PP : Brian Dumoulin - PK : Philip Larsen, Viktor Loov
Penalty Shots
Peter Holland, Lars Eller, Jordan Szwarz, David Pastrnak, Danton Heinen

Scratches
Jamie Devane (Healthy), Matt Lindblad (Healthy), Tyler Lewington (Healthy), Tobias Lindberg (Healthy), Ty Rattie (Healthy)
Andrey Pedan (Healthy), Stuart Percy (Healthy), Charles Hudon (Healthy), Anthony Camara (Healthy), Sergey Tolchinsky (Healthy)
Branden Troock (Healthy), Riley Nash (Healthy), Dominic Turgeon (Healthy), Ryan MacInnis (Healthy), Matt Tomkins (Healthy)

% Time on Ice - Mulligans

Lines # - Real PCT - Wanted PCT - Time Play
Normal Forward
1 - 34% - 40% - 16:52
2 - 28% - 30% - 14:11
3 - 21% - 20% - 10:33
4 - 17% - 10% - 8:43
Normal Defense
1 - 31% - 40% - 15:34
2 - 35% - 30% - 17:50
3 - 24% - 20% - 12:07
4 - 10% - 10% - 4:48
PP Forward
1 - 59% - 60% - 2:13
2 - 41% - 40% - 1:31
PP Defense
1 - 57% - 60% - 2:07
2 - 43% - 40% - 1:37
PK Forward
1 - 100% - 60% - 5:57
2 - 0% - 40% - 0:00
PK Defense
1 - 75% - 60% - 4:27
2 - 25% - 40% - 1:30
PK3 Forward
1 - 0% - 60%
2 - 0% - 40%
PK3 Defense
1 - 0% - 60%
2 - 0% - 40%
44 Forward
1 - 0% - 60%
2 - 0% - 40%
44 Defense
1 - 0% - 60%
2 - 0% - 40%
Last Minute Offensive  - 0:00
Last Minute Defensive  - 0:00
Total
Forward - 60:00
Defense - 60:00

% Time on Ice - Diablos

Lines # - Real PCT - Wanted PCT - Time Play
Normal Forward
1 - 36% - 45% - 18:03
2 - 28% - 30% - 13:58
3 - 20% - 15% - 10:02
4 - 16% - 10% - 8:16
Normal Defense
1 - 41% - 40% - 20:44
2 - 30% - 30% - 15:00
3 - 21% - 20% - 10:49
4 - 7% - 10% - 3:46
PP Forward
1 - 47% - 60% - 2:47
2 - 53% - 40% - 3:10
PP Defense
1 - 51% - 60% - 3:01
2 - 49% - 40% - 2:56
PK Forward
1 - 79% - 60% - 2:58
2 - 21% - 40% - 0:46
PK Defense
1 - 58% - 60% - 2:10
2 - 42% - 40% - 1:34
PK3 Forward
1 - 0% - 60%
2 - 0% - 40%
PK3 Defense
1 - 0% - 60%
2 - 0% - 40%
44 Forward
1 - 0% - 60%
2 - 0% - 40%
44 Defense
1 - 0% - 60%
2 - 0% - 40%
Last Minute Offensive  - 0:00
Last Minute Defensive  - 0:00
Total
Forward - 60:00
Defense - 60:00

Play-by-Play

1st period


0:01 of 1st period - Anton Lander wins face-off versus Lars Eller in neutral zone.
0:26 of 1st period - Logan Shaw is hit by Tyler Pitlick and loses puck.
0:33 of 1st period - Snap shot by Tyler Pitlick.
0:33 of 1st period - Stopped by Calvin Pickard with a rebound.
1:05 of 1st period - Michael Sdao is hit by Danton Heinen and loses puck.
1:22 of 1st period - Wrist shot by David Pastrnak.
1:22 of 1st period - Shot Blocked by Jonathan Ferland.
1:24 of 1st period - Wrist shot by Nick Spaling.
1:24 of 1st period - Shot Blocked by Michael Sdao.
1:26 of 1st period - Slapshot by Viktor Loov.
1:26 of 1st period - Shot Misses the Net.
1:46 of 1st period - Snap shot by Corey Trivino.
1:46 of 1st period - Shot Blocked by Ben Hutton.
1:56 of 1st period - Matt Beleskey is hit by Tyler Pitlick.
2:34 of 1st period - Drayson Bowman is hit by Brian Dumoulin and loses puck.
2:57 of 1st period - Wrist shot by Adrian Kempe.
2:57 of 1st period - Stopped by Calvin Pickard with a rebound.
3:25 of 1st period - Logan Shaw is hit by Peter Holland and loses puck.
3:49 of 1st period - Alex Petrovic is hit by Sam Bennett and loses puck.
3:56 of 1st period - Robbie Russo is hit by Philip Larsen and loses puck.
5:00 of 1st period - Wrist shot by Corey Trivino.
5:00 of 1st period - Shot Blocked by Reid Boucher.
5:02 of 1st period - Wrist shot by David Pastrnak.
5:02 of 1st period - Stopped by Calvin Pickard without a rebound.
5:03 of 1st period - Robby Fabbri wins face-off versus Lars Eller in Mulligans zone.
5:27 of 1st period - Snap shot by Jordan Szwarz.
5:27 of 1st period - Stopped by Calvin Pickard with a rebound.
5:29 of 1st period - Slapshot by Philip Larsen.
5:29 of 1st period - Shot Blocked by Logan Shaw.
5:31 of 1st period - Slapshot by Philip Larsen.
5:31 of 1st period - Stopped by Calvin Pickard with a rebound.
6:06 of 1st period - Alex Petrovic is hit by Michael Sdao.
6:33 of 1st period - Wrist shot by Lars Eller.
6:33 of 1st period - Shot Misses the Net.
6:43 of 1st period - Backhand shot by Jordan Szwarz.
6:43 of 1st period - Shot Blocked by Michael Sdao.
6:45 of 1st period - Slapshot by Alex Petrovic.
6:45 of 1st period - Stopped by Calvin Pickard with a rebound.
6:47 of 1st period - Snap shot by Jordan Szwarz.
6:47 of 1st period - Stopped by Calvin Pickard with a rebound.
6:49 of 1st period - Wrist shot by Alex Petrovic.
6:49 of 1st period - Shot Misses the Net.
6:51 of 1st period - Wrist shot by Jack Glover.
6:51 of 1st period - Stopped by Calvin Pickard without a rebound.
6:52 of 1st period - Maxime Macenauer wins face-off versus Lars Eller in Mulligans zone.
7:01 of 1st period - Snap shot by Maxime Macenauer.
7:01 of 1st period - Shot Misses the Net.
7:03 of 1st period - Wrist shot by Drayson Bowman.
7:03 of 1st period - Stopped by Kristers Gudlevskis with a rebound.
7:05 of 1st period - Snap shot by Darren Dietz.
7:05 of 1st period - Shot Misses the Net.
7:17 of 1st period - Philip Larsen is hit by Ben Hutton and loses puck.
7:36 of 1st period - Jordan Szwarz is hit by Sven Baertschi and loses puck.
8:32 of 1st period - Wrist shot by Jordan Szwarz.
8:32 of 1st period - Shot Blocked by Michael Sdao.
8:34 of 1st period - Snap shot by Danton Heinen.
8:34 of 1st period - Stopped by Calvin Pickard without a rebound.
8:35 of 1st period - Anton Lander wins face-off versus Lars Eller in Mulligans zone.
8:35 of 1st period - Anton Lander is hit by Lars Eller.
8:41 of 1st period - Slapshot by Matt Beleskey.
8:41 of 1st period - Deflect By Anton Lander.
8:41 of 1st period - Shot Blocked by Nick Spaling.
8:41 of 1st period - Puck is out of play.
8:42 of 1st period - Anton Lander wins face-off versus Lars Eller in Diablos zone.
9:15 of 1st period - Wrist shot by Logan Shaw.
9:15 of 1st period - Shot Blocked by Jiri Sekac.
9:29 of 1st period - Slapshot by Viktor Loov.
9:29 of 1st period - Deflect By Scott Glennie.
9:29 of 1st period - Shot Misses the Net.
9:29 of 1st period - Puck is out of play.
9:30 of 1st period - Corey Trivino wins face-off versus Robby Fabbri in Mulligans zone.
9:41 of 1st period - Slapshot by Alex Petrovic.
9:41 of 1st period - Shot Misses the Net.
9:43 of 1st period - Slapshot by Corey Trivino.
9:43 of 1st period - Stopped by Calvin Pickard with a rebound.
9:45 of 1st period - Snap shot by Corey Trivino.
9:45 of 1st period - Shot Misses the Net.
10:10 of 1st period - Ben Hutton is hit by Nick Spaling and loses puck.
10:31 of 1st period - Snap shot by Adrian Kempe.
10:31 of 1st period - Goal by Adrian Kempe - Mulligans : 0 - Diablos : 1.
10:32 of 1st period - Anton Lander wins face-off versus Lars Eller in neutral zone.
10:44 of 1st period - Icing by Darren Dietz.
10:45 of 1st period - Lars Eller wins face-off versus Anton Lander in Mulligans zone.
10:54 of 1st period - Wrist shot by Lars Eller.
10:54 of 1st period - Shot Misses the Net.
11:30 of 1st period - Snap shot by Sven Baertschi.
11:30 of 1st period - Shot Blocked by Brian Dumoulin.
11:32 of 1st period - Slapshot by Ben Hutton.
11:32 of 1st period - Stopped by Kristers Gudlevskis without a rebound.
11:33 of 1st period - Sam Bennett wins face-off versus Adrian Kempe in Diablos zone.
11:56 of 1st period - Sam Bennett is hit by Adrian Kempe and loses puck.
12:05 of 1st period - Wrist shot by Joonas Donskoi.
12:05 of 1st period - Stopped by Kristers Gudlevskis with a rebound.
12:07 of 1st period - Wrist shot by Joonas Donskoi.
12:07 of 1st period - Stopped by Kristers Gudlevskis without a rebound.
12:08 of 1st period - Anton Lander wins face-off versus Lars Eller in Diablos zone.
12:19 of 1st period - Wrist shot by Jonathan Ferland.
12:19 of 1st period - Shot Blocked by Philip Larsen.
12:35 of 1st period - Slapshot by Maxime Macenauer.
12:35 of 1st period - Stopped by Kristers Gudlevskis without a rebound.
12:36 of 1st period - Maxime Macenauer wins face-off versus Peter Holland in Diablos zone.
12:39 of 1st period - Snap shot by Drayson Bowman.
12:39 of 1st period - Stopped by Kristers Gudlevskis with a rebound.
14:28 of 1st period - Jack Glover is hit by Sam Bennett and loses puck.
14:59 of 1st period - Wrist shot by Tyler Pitlick.
14:59 of 1st period - Stopped by Calvin Pickard without a rebound.
15:00 of 1st period - Adrian Kempe wins face-off versus Anton Lander in Mulligans zone.
15:01 of 1st period - Slapshot by Jiri Sekac.
15:01 of 1st period - Shot Blocked by Anton Lander.
15:09 of 1st period - Snap shot by Anton Lander.
15:09 of 1st period - Shot Blocked by Philip Larsen.
15:11 of 1st period - Wrist shot by Anton Lander.
15:11 of 1st period - Stopped by Kristers Gudlevskis without a rebound.
15:12 of 1st period - Lars Eller wins face-off versus Maxime Macenauer in Diablos zone.
15:19 of 1st period - Slapshot by David Pastrnak.
15:19 of 1st period - Stopped by Calvin Pickard without a rebound.
15:20 of 1st period - Lars Eller wins face-off versus Maxime Macenauer in Mulligans zone.
15:27 of 1st period - Snap shot by Maxime Macenauer.
15:27 of 1st period - Shot Blocked by Brian Dumoulin.
15:29 of 1st period - Wrist shot by Logan Shaw.
15:29 of 1st period - Stopped by Kristers Gudlevskis with a rebound.
15:31 of 1st period - Wrist shot by Maxime Macenauer.
15:31 of 1st period - Stopped by Kristers Gudlevskis with a rebound.
16:11 of 1st period - Wrist shot by Scott Glennie.
16:11 of 1st period - Shot Misses the Net.
16:13 of 1st period - Snap shot by Scott Glennie.
16:13 of 1st period - Stopped by Calvin Pickard with a rebound.
16:15 of 1st period - Backhand shot by Viktor Loov.
16:15 of 1st period - Shot Blocked by Michael Sdao.
16:29 of 1st period - Wrist shot by Maxime Macenauer.
16:29 of 1st period - Stopped by Kristers Gudlevskis without a rebound.
16:30 of 1st period - Maxime Macenauer wins face-off versus Lars Eller in Diablos zone.
17:21 of 1st period - Tyler Pitlick is hit by Jonathan Ferland and loses puck.
17:56 of 1st period - Brian Dumoulin is hit by Joonas Donskoi and loses puck.
18:09 of 1st period - Jonathan Ferland is hit by Jakub Vrana and loses puck.
18:10 of 1st period - Jonathan Ferland from Mulligans is injured at 18:10 of 1st period (Left Foot).
18:11 of 1st period - Lars Eller wins face-off versus Anton Lander in Mulligans zone.
18:14 of 1st period - Snap shot by Lars Eller.
18:14 of 1st period - Stopped by Calvin Pickard without a rebound.
18:15 of 1st period - Anton Lander wins face-off versus Lars Eller in Mulligans zone.
18:20 of 1st period - Lars Eller is hit by Ben Hutton and loses puck.
18:41 of 1st period - Peter Holland is hit by Michael Sdao and loses puck.
18:46 of 1st period - Wrist shot by Drayson Bowman.
18:46 of 1st period - Deflect By Logan Shaw.
18:46 of 1st period - Stopped by Kristers Gudlevskis with a rebound.
19:32 of 1st period - Snap shot by Reid Boucher.
19:32 of 1st period - Shot Misses the Net.
19:38 of 1st period - Nick Spaling is hit by Reid Boucher and loses puck.
19:53 of 1st period - Slapshot by Matt Beleskey.
19:53 of 1st period - Stopped by Kristers Gudlevskis without a rebound.
19:54 of 1st period - Adrian Kempe wins face-off versus Anton Lander in Diablos zone.
19:59 of 1st period - Wrist shot by Adrian Kempe.
19:59 of 1st period - Shot Misses the Net.
Goals for this period are 0 for Mulligans vs 1 for Diablos .
Shots for this period are 12 for Mulligans vs 15 for Diablos .

2nd period


0:01 of 2nd period - Lars Eller wins face-off versus Anton Lander in neutral zone.
0:06 of 2nd period - Wrist shot by Lars Eller.
0:06 of 2nd period - Shot Misses the Net.
0:08 of 2nd period - Snap shot by Nick Spaling.
0:08 of 2nd period - Stopped by Calvin Pickard without a rebound.
0:09 of 2nd period - Anton Lander wins face-off versus Lars Eller in Mulligans zone.
0:22 of 2nd period - Slapshot by Nick Spaling.
0:22 of 2nd period - Shot Blocked by Matt Beleskey.
0:24 of 2nd period - Slapshot by Brian Dumoulin.
0:24 of 2nd period - Deflect By Matt Beleskey.
0:24 of 2nd period - Stopped by Calvin Pickard without a rebound.
0:25 of 2nd period - Peter Holland wins face-off versus Jonny Brodzinski in Mulligans zone.
0:28 of 2nd period - Slapshot by Peter Holland.
0:28 of 2nd period - Stopped by Calvin Pickard with a rebound.
0:42 of 2nd period - Matt Beleskey is hit by Jordan Szwarz and loses puck.
1:02 of 2nd period - Snap shot by David Pastrnak.
1:02 of 2nd period - Shot Misses the Net.
1:04 of 2nd period - Snap shot by Lars Eller.
1:04 of 2nd period - Stopped by Calvin Pickard with a rebound.
1:06 of 2nd period - Slapshot by Viktor Loov.
1:06 of 2nd period - Stopped by Calvin Pickard without a rebound.
1:07 of 2nd period - Lars Eller wins face-off versus Sven Baertschi in Mulligans zone.
1:32 of 2nd period - Anton Lander is hit by Tyler Pitlick and loses puck.
1:39 of 2nd period - Wrist shot by Adrian Kempe.
1:39 of 2nd period - Shot Misses the Net.
2:47 of 2nd period - Andrei Mironov is hit by Sam Bennett.
2:59 of 2nd period - Slapshot by Darren Dietz.
2:59 of 2nd period - Shot Blocked by Jiri Sekac.
3:01 of 2nd period - Slapshot by Darren Dietz.
3:01 of 2nd period - Deflect By Reid Boucher.
3:01 of 2nd period - Shot Misses the Net.
3:01 of 2nd period - Puck is out of play.
3:02 of 2nd period - Lars Eller wins face-off versus Robby Fabbri in Diablos zone.
3:12 of 2nd period - Off-side.
3:13 of 2nd period - Lars Eller wins face-off versus Anton Lander in neutral zone.
3:18 of 2nd period - Jonny Brodzinski is hit by Nick Spaling and loses puck.
3:38 of 2nd period - Ben Hutton is hit by Peter Holland.
3:46 of 2nd period - Wrist shot by Logan Shaw.
3:46 of 2nd period - Deflect By Peter Holland.
3:46 of 2nd period - Shot Misses the Net.
3:46 of 2nd period - Puck is out of play.
3:47 of 2nd period - Anton Lander wins face-off versus Lars Eller in Diablos zone.
3:48 of 2nd period - Snap shot by Matt Beleskey.
3:48 of 2nd period - Stopped by Kristers Gudlevskis with a rebound.
3:50 of 2nd period - Wrist shot by Jonny Brodzinski.
3:50 of 2nd period - Shot Misses the Net.
3:52 of 2nd period - Snap shot by Anton Lander.
3:52 of 2nd period - Deflect By Matt Beleskey.
3:52 of 2nd period - Shot Misses the Net.
3:52 of 2nd period - Puck is out of play.
3:53 of 2nd period - Lars Eller wins face-off versus Anton Lander in Diablos zone.
4:09 of 2nd period - Wrist shot by Anton Lander.
4:09 of 2nd period - Stopped by Kristers Gudlevskis without a rebound.
4:10 of 2nd period - Peter Holland wins face-off versus Maxime Macenauer in Diablos zone.
4:39 of 2nd period - Snap shot by Logan Shaw.
4:39 of 2nd period - Shot Blocked by Brian Dumoulin.
4:41 of 2nd period - Slapshot by Michael Sdao.
4:41 of 2nd period - Stopped by Kristers Gudlevskis without a rebound.
4:42 of 2nd period - Lars Eller wins face-off versus Anton Lander in Diablos zone.
5:07 of 2nd period - Icing by Sven Baertschi.
5:08 of 2nd period - Peter Holland wins face-off versus Sam Bennett in Mulligans zone.
5:09 of 2nd period - Snap shot by Danton Heinen.
5:09 of 2nd period - Stopped by Calvin Pickard without a rebound.
5:10 of 2nd period - Peter Holland wins face-off versus Sam Bennett in Mulligans zone.
5:11 of 2nd period - Wrist shot by Jordan Szwarz.
5:11 of 2nd period - Goal by Jordan Szwarz - Mulligans : 0 - Diablos : 2.
5:12 of 2nd period - Anton Lander wins face-off versus Lars Eller in neutral zone.
5:14 of 2nd period - Off-side.
5:15 of 2nd period - Lars Eller wins face-off versus Anton Lander in neutral zone.
6:02 of 2nd period - Philip Larsen is hit by Maxime Macenauer.
6:08 of 2nd period - Snap shot by Maxime Macenauer.
6:08 of 2nd period - Shot Blocked by Philip Larsen.
6:12 of 2nd period - Wrist shot by Drayson Bowman.
6:12 of 2nd period - Deflect By Maxime Macenauer.
6:12 of 2nd period - Stopped by Kristers Gudlevskis without a rebound.
6:13 of 2nd period - Lars Eller wins face-off versus Anton Lander in Diablos zone.
6:47 of 2nd period - Snap shot by Sam Bennett.
6:47 of 2nd period - Stopped by Kristers Gudlevskis with a rebound.
6:49 of 2nd period - Snap shot by Sam Bennett.
6:49 of 2nd period - Shot Blocked by Alex Petrovic.
6:51 of 2nd period - Snap shot by Dalton Thrower.
6:51 of 2nd period - Shot Misses the Net.
7:01 of 2nd period - Robbie Russo is hit by Alex Petrovic and loses puck.
7:19 of 2nd period - Maxime Macenauer is hit by Philip Larsen and loses puck.
7:28 of 2nd period - Brian Dumoulin is hit by Maxime Macenauer and loses puck.
7:49 of 2nd period - Michael Sdao is hit by Viktor Loov and loses puck.
8:38 of 2nd period - Minor Penalty to Jordan Szwarz for Roughing.
8:39 of 2nd period - Corey Trivino wins face-off versus Maxime Macenauer in Diablos zone.
9:35 of 2nd period - Ben Hutton is hit by Philip Larsen and loses puck.
9:59 of 2nd period - Jiri Sekac is hit by Darren Dietz.
10:03 of 2nd period - Brian Dumoulin is hit by Sven Baertschi and loses puck.
10:38 of 2nd period - Penalty to Jordan Szwarz is over, Jordan Szwarz is back on ice.
10:53 of 2nd period - Snap shot by Danton Heinen.
10:53 of 2nd period - Shot Misses the Net.
11:05 of 2nd period - Dalton Thrower is hit by Nick Spaling and loses puck.
11:35 of 2nd period - Slapshot by Darren Dietz.
11:35 of 2nd period - Deflect By Brian Dumoulin.
11:35 of 2nd period - Stopped by Kristers Gudlevskis without a rebound.
11:36 of 2nd period - Lars Eller wins face-off versus Maxime Macenauer in Diablos zone.
11:59 of 2nd period - Maxime Macenauer is hit by Andrei Mironov and loses puck.
12:18 of 2nd period - Slapshot by Maxime Macenauer.
12:18 of 2nd period - Stopped by Kristers Gudlevskis without a rebound.
12:19 of 2nd period - Lars Eller wins face-off versus Anton Lander in Diablos zone.
12:19 of 2nd period - Lars Eller is hit by Anton Lander.
12:53 of 2nd period - Snap shot by Joonas Donskoi.
12:53 of 2nd period - Goal by Joonas Donskoi - Mulligans : 1 - Diablos : 2.
12:54 of 2nd period - Matt Beleskey wins face-off versus Lars Eller in neutral zone.
13:44 of 2nd period - Slapshot by Darren Dietz.
13:44 of 2nd period - Shot Misses the Net.
13:46 of 2nd period - Wrist shot by Reid Boucher.
13:46 of 2nd period - Shot Blocked by Viktor Loov.
13:48 of 2nd period - Wrist shot by Robby Fabbri.
13:48 of 2nd period - Stopped by Kristers Gudlevskis with a rebound.
13:50 of 2nd period - Wrist shot by Reid Boucher.
13:50 of 2nd period - Shot Misses the Net.
14:32 of 2nd period - Philip Larsen is hit by Anton Lander and loses puck.
15:25 of 2nd period - Jakub Vrana is hit by Sam Bennett and loses puck.
15:49 of 2nd period - Anton Lander is hit by Lars Eller and loses puck.
16:00 of 2nd period - Ben Hutton is hit by Philip Larsen and loses puck.
16:37 of 2nd period - Icing by Robbie Russo.
16:38 of 2nd period - Maxime Macenauer wins face-off versus Corey Trivino in Mulligans zone.
17:11 of 2nd period - Snap shot by Jordan Szwarz.
17:11 of 2nd period - Stopped by Calvin Pickard with a rebound.
17:13 of 2nd period - Wrist shot by Danton Heinen.
17:13 of 2nd period - Shot Blocked by Joonas Donskoi.
17:46 of 2nd period - Michael Sdao is hit by Tyler Pitlick and loses puck.
18:07 of 2nd period - Ben Hutton is hit by Scott Glennie and loses puck.
18:14 of 2nd period - Jakub Vrana is hit by Darren Dietz and loses puck.
19:11 of 2nd period - Darren Dietz is hit by Philip Larsen and loses puck.
19:49 of 2nd period - Sven Baertschi is hit by Lars Eller and loses puck.
19:56 of 2nd period - Ben Hutton is hit by Nick Spaling and loses puck.
Goals for this period are 1 for Mulligans vs 1 for Diablos .
Shots for this period are 9 for Mulligans vs 8 for Diablos .

3rd period


0:01 of 3rd period - Anton Lander wins face-off versus Lars Eller in neutral zone.
1:13 of 3rd period - Jonny Brodzinski is hit by David Pastrnak and loses puck.
1:55 of 3rd period - Robbie Russo is hit by Peter Holland and loses puck.
2:32 of 3rd period - Slapshot by Anton Lander.
2:32 of 3rd period - Stopped by Kristers Gudlevskis with a rebound.
2:38 of 3rd period - Jonny Brodzinski is hit by Jiri Sekac and loses puck.
2:49 of 3rd period - Snap shot by Adrian Kempe.
2:49 of 3rd period - Stopped by Calvin Pickard without a rebound.
2:50 of 3rd period - Maxime Macenauer wins face-off versus Lars Eller in Mulligans zone.
3:15 of 3rd period - Peter Holland is hit by Dalton Thrower and loses puck.
3:39 of 3rd period - Jonny Brodzinski is hit by Jakub Vrana and loses puck.
3:58 of 3rd period - Nick Spaling is hit by Robby Fabbri and loses puck.
4:43 of 3rd period - Minor Penalty to Ben Hutton for Holding.
4:44 of 3rd period - Lars Eller wins face-off versus Cristiano Digiacinto in Mulligans zone.
5:20 of 3rd period - Dalton Thrower is hit by Peter Holland and loses puck.
6:43 of 3rd period - Penalty to Ben Hutton is over, Ben Hutton is back on ice.
6:53 of 3rd period - Wrist shot by Scott Glennie.
6:53 of 3rd period - Stopped by Calvin Pickard with a rebound.
6:55 of 3rd period - Slapshot by Scott Glennie.
6:55 of 3rd period - Stopped by Calvin Pickard with a rebound.
6:57 of 3rd period - Slapshot by Corey Trivino.
6:57 of 3rd period - Stopped by Calvin Pickard with a rebound.
6:59 of 3rd period - Slapshot by Philip Larsen.
6:59 of 3rd period - Stopped by Calvin Pickard with a rebound.
7:01 of 3rd period - Snap shot by Scott Glennie.
7:01 of 3rd period - Shot Misses the Net.
7:15 of 3rd period - Brian Dumoulin is hit by Anton Lander and loses puck.
7:31 of 3rd period - Scott Glennie is hit by Ben Hutton and loses puck.
7:52 of 3rd period - Danton Heinen is hit by Matt Beleskey and loses puck.
8:05 of 3rd period - Icing by Alex Petrovic.
8:06 of 3rd period - Reid Boucher wins face-off versus Lars Eller in Diablos zone.
8:23 of 3rd period - Robby Fabbri is hit by Scott Glennie and loses puck.
8:50 of 3rd period - Wrist shot by Reid Boucher.
8:50 of 3rd period - Shot Misses the Net.
8:52 of 3rd period - Wrist shot by Robby Fabbri.
8:52 of 3rd period - Shot Misses the Net.
8:54 of 3rd period - Snap shot by Reid Boucher.
8:54 of 3rd period - Shot Blocked by Viktor Loov.
8:58 of 3rd period - Slapshot by Robby Fabbri.
8:58 of 3rd period - Shot Misses the Net.
9:00 of 3rd period - Snap shot by Jonny Brodzinski.
9:00 of 3rd period - Goal by Jonny Brodzinski - Mulligans : 2 - Diablos : 2.
9:01 of 3rd period - David Pastrnak wins face-off versus Anton Lander in neutral zone.
9:12 of 3rd period - Snap shot by Nick Spaling.
9:12 of 3rd period - Deflect By Lars Eller.
9:12 of 3rd period - Shot Misses the Net.
9:12 of 3rd period - Puck is out of play.
9:13 of 3rd period - Lars Eller wins face-off versus Anton Lander in Mulligans zone.
9:35 of 3rd period - Snap shot by Brian Dumoulin.
9:35 of 3rd period - Stopped by Calvin Pickard without a rebound.
9:36 of 3rd period - Peter Holland wins face-off versus Maxime Macenauer in Mulligans zone.
9:47 of 3rd period - Snap shot by Logan Shaw.
9:47 of 3rd period - Goal by Logan Shaw - Mulligans : 3 - Diablos : 2.
9:48 of 3rd period - Anton Lander wins face-off versus Lars Eller in neutral zone.
9:51 of 3rd period - Backhand shot by Ben Hutton.
9:51 of 3rd period - Stopped by Kristers Gudlevskis with a rebound.
9:53 of 3rd period - Snap shot by Jonny Brodzinski.
9:53 of 3rd period - Shot Blocked by Brian Dumoulin.
10:02 of 3rd period - Minor Penalty to Michael Sdao for Hooking.
10:03 of 3rd period - Lars Eller wins face-off versus Cristiano Digiacinto in Mulligans zone.
10:13 of 3rd period - Snap shot by Lars Eller.
10:13 of 3rd period - Shot Blocked by Dalton Thrower.
10:15 of 3rd period - Snap shot by Nick Spaling.
10:15 of 3rd period - Shot Misses the Net.
10:55 of 3rd period - Icing by Peter Holland.
10:56 of 3rd period - Nick Moutrey wins face-off versus Jordan Szwarz in Diablos zone.
11:06 of 3rd period - Anton Lander is hit by Jordan Szwarz and loses puck.
12:02 of 3rd period - Penalty to Michael Sdao is over, Michael Sdao is back on ice.
12:08 of 3rd period - Adrian Kempe is hit by Robbie Russo and loses puck.
12:09 of 3rd period - Adrian Kempe from Diablos is injured at 12:09 of 3rd period (Broken Bone (Right Arm)).
12:10 of 3rd period - Lars Eller wins face-off versus Jonny Brodzinski in Diablos zone.
12:16 of 3rd period - David Pastrnak is hit by Anton Lander and loses puck.
12:31 of 3rd period - Minor Penalty to Jonny Brodzinski for Holding Stick.
12:32 of 3rd period - Cristiano Digiacinto wins face-off versus David Pastrnak in Mulligans zone.
12:43 of 3rd period - Snap shot by Lars Eller.
12:43 of 3rd period - Stopped by Calvin Pickard without a rebound.
12:44 of 3rd period - Lars Eller wins face-off versus Cristiano Digiacinto in Mulligans zone.
12:59 of 3rd period - Snap shot by Anton Lander.
12:59 of 3rd period - Shot Misses the Net.
13:09 of 3rd period - Anton Lander is hit by Viktor Loov.
13:19 of 3rd period - Wrist shot by Brian Dumoulin.
13:19 of 3rd period - Stopped by Calvin Pickard without a rebound.
13:20 of 3rd period - Nick Moutrey wins face-off versus Peter Holland in Mulligans zone.
13:31 of 3rd period - Dalton Thrower is hit by Peter Holland.
13:44 of 3rd period - Icing by Alex Petrovic.
13:45 of 3rd period - Anton Lander wins face-off versus Peter Holland in Diablos zone.
14:05 of 3rd period - Slapshot by Peter Holland.
14:05 of 3rd period - Shot Misses the Net.
14:25 of 3rd period - Snap shot by Jordan Szwarz.
14:25 of 3rd period - Stopped by Calvin Pickard without a rebound.
14:26 of 3rd period - Lars Eller wins face-off versus Nick Moutrey in Mulligans zone.
14:31 of 3rd period - Penalty to Jonny Brodzinski is over, Jonny Brodzinski is back on ice.
14:33 of 3rd period - Wrist shot by Lars Eller.
14:33 of 3rd period - Shot Blocked by Dalton Thrower.
15:01 of 3rd period - Snap shot by Scott Glennie.
15:01 of 3rd period - Deflect By Drayson Bowman.
15:01 of 3rd period - Shot Blocked by Darren Dietz.
15:01 of 3rd period - Puck is out of play.
15:02 of 3rd period - Corey Trivino wins face-off versus Sam Bennett in Mulligans zone.
15:13 of 3rd period - Slapshot by Corey Trivino.
15:13 of 3rd period - Shot Blocked by Sam Bennett.
16:13 of 3rd period - Off-side.
16:14 of 3rd period - Lars Eller wins face-off versus Robby Fabbri in neutral zone.
16:36 of 3rd period - Slapshot by Darren Dietz.
16:36 of 3rd period - Shot Blocked by Philip Larsen.
16:38 of 3rd period - Wrist shot by Reid Boucher.
16:38 of 3rd period - Stopped by Kristers Gudlevskis with a rebound.
16:40 of 3rd period - Wrist shot by Reid Boucher.
16:40 of 3rd period - Stopped by Kristers Gudlevskis without a rebound.
16:41 of 3rd period - Sam Bennett wins face-off versus Peter Holland in Diablos zone.
17:06 of 3rd period - Matt Beleskey is hit by Viktor Loov and loses puck.
17:19 of 3rd period - Snap shot by Peter Holland.
17:19 of 3rd period - Stopped by Calvin Pickard without a rebound.
17:20 of 3rd period - Sam Bennett wins face-off versus Lars Eller in Mulligans zone.
17:20 of 3rd period - Sam Bennett is hit by Nick Spaling.
17:47 of 3rd period - Off-side.
17:48 of 3rd period - Anton Lander wins face-off versus Peter Holland in neutral zone.
18:14 of 3rd period - Minor Penalty to Lars Eller for Boarding.
18:15 of 3rd period - Corey Trivino wins face-off versus Anton Lander in Diablos zone.
Goals for this period are 2 for Mulligans vs 0 for Diablos .
Shots for this period are 6 for Mulligans vs 10 for Diablos .